 Dungeon Sprint DCSS version 0.19-a0-1922-g1e9a4c1 (webtiles) character file.

38957 LORDOFBUTT the Executioner (level 13, -14/124 HPs)
             Began as a Minotaur Berserker on Oct 24, 2016.
             Was the Champion of Trog.
             Killed from afar by a hellion (15 damage)
             ... with damnation
             ... in the Dungeon (Sprint V: "Ziggurat Sprint").
             The game lasted 00:07:47 (1047 turns).

LORDOFBUTT the Executioner (Minotaur Berserker)     Turns: 1047, Time: 00:07:48

Health: -14/124    AC: 31    Str: 38    XL:     13   Next: 66%
Magic:  14/14      EV:  8    Int:  4    God:    Trog [******]
Gold:   0          SH: 34    Dex: 11    Spells: 0 memorised, 12 levels left

rFire  . . .     SeeInvis +     H - +14 obsidian axe {chop, +Fly SInv *Curse} (curse)
rCold  . . .     Gourm    .     I - +15 Maxwell's patent armour {-Cast -Tele rElec MR+ rCorr}
rNeg   + . .     Faith    .     J - +18 shield of the Gong {rElec rN+ MR+ EV-5}
rPois  .         Spirit   .     (helmet restricted)
rElec  +         Reflect  .     (no cloak)
rCorr  +         Harm     .     (no gloves)
MR     +++..     NoTele   +     (no boots)
Stlth  .......... NoCast   +    L - amulet "Feenatar" {Inacc Str+6 Dex-2}
                                W - ring of Starshine {rElec MR+ Str+2 Stlth+}
                                C - +6 ring of strength

@: mesmerised
A: retaliatory headbutt, horns 2, frail 1
a: Berserk, Trog's Hand, Brothers in Arms, Burn Spellbooks, Renounce Religion,
Evoke Flight


You were in the Dungeon.
You worshipped Trog.
Trog was exalted by your worship.
You were hungry.

You visited 1 branch

Inventory:

Hand Weapons
 a - a +0 hand axe
 H - the cursed +14 obsidian axe (weapon) {chop, +Fly SInv *Curse}
   (You found it in the Dungeon)

   It inflicts extra damage upon your enemies.
   It lets you see invisible.
   It lets you fly.
   It may re-curse itself when equipped.
   It has a curse placed upon it.
 K - the +2 broad axe of Tenacity {freeze, *Noise +Blink Int-5 SInv, unknown}
   (Trog gifted it to you in the Dungeon)

   It has been specially enchanted to freeze those struck by it, causing extra
   injury to most foes and up to half again as much damage against particularly
   susceptible opponents.
   It can also slow down cold-blooded creatures.
   It affects your intelligence (-5).
   It lets you see invisible.
   It lets you blink.
   It may make noises in combat.
Armour
 b - a +0 animal skin
 I - the +15 Maxwell's patent armour (worn) {-Cast -Tele rElec MR+ rCorr}
   (You found it in the Dungeon)

   It insulates you from electricity.
   It affects your resistance to hostile enchantments.
   It prevents spellcasting.
   It prevents most forms of teleportation.
   It protects you from acid and corrosion.
 J - the +18 shield of the Gong (worn) {rElec rN+ MR+ EV-5}
   (You found it in the Dungeon)

   It affects your evasion (-5).
   It insulates you from electricity.
   It protects you from negative energy.
   It affects your resistance to hostile enchantments.
Rods
 X - a +6 rod of inaccuracy (9/9)
   (You found it in the Dungeon)
Jewellery
 x - a +6 ring of dexterity
 y - a +6 ring of dexterity
 z - a +6 ring of intelligence
 A - a +6 ring of intelligence
 B - a +6 ring of strength
 C - a +6 ring of strength (left hand)
 L - the amulet "Feenatar" (around neck) {Inacc Str+6 Dex-2}
   (You found it in the Dungeon)

   [amulet of inaccuracy]

   It reduces the accuracy of all your attacks.
   It affects your strength (+6).
   It affects your dexterity (-2).
 Q - an uncursed ring of protection from magic
 R - an uncursed ring of protection from cold
 S - an uncursed ring of protection from magic
 V - an uncursed ring of fire
 W - the ring of Starshine (right hand) {rElec MR+ Str+2 Stlth+}
   (You found it in the Dungeon)

   [ring of stealth]

   It affects your strength (+2).
   It insulates you from electricity.
   It affects your resistance to hostile enchantments.
   It makes you more stealthy.
Wands
 D - a wand of disintegration (7/24)
 E - a wand of iceblast (5/15)
 F - a wand of lightning (4/15)
 G - a wand of acid (5/15)
Scrolls
 i - 4 scrolls of blinking
 j - 3 scrolls of recharging
 k - 7 scrolls of fog
 l - 2 scrolls of holy word
 m - 5 scrolls of identify
 n - 5 scrolls of remove curse
 o - 2 scrolls of fear
Potions
 d - 10 potions of curing
 e - 9 potions of heal wounds
 f - 6 potions of haste
 g - 7 potions of magic
 h - 3 potions of berserk rage
 p - 2 potions of brilliance
 q - 2 potions of invisibility
 r - 4 potions of resistance
 t - 5 potions of agility
 u - 5 potions of might
Books
 s - the Collected Works on Enhancements and Transformation
   (You found it in the Dungeon)

   Spells                             Type                      Level
   a - Beastly Appendage              Transmutation                1
   b - Repel Missiles                 Charms/Air                   2
   c - Excruciating Wounds            Charms/Necromancy            5
   d - Iskenderun's Battlesphere      Conjuration/Charms           5
   e - Ring of Flames                 Charms/Fire                  7
   Trog disapproves of the use of such an item.
 M - a book of Clouds

   Spells                             Type                      Level
   a - Mephitic Cloud                 Conjuration/Poison/Air       3
   b - Conjure Flame                  Conjuration/Fire             3
   c - Poisonous Cloud                Conjuration/Poison/Air       6
   d - Freezing Cloud                 Conjuration/Ice/Air          6
   e - Ring of Flames                 Charms/Fire                  7
   Trog disapproves of the use of such an item.
 P - a book of Flames

   Spells                             Type                      Level
   a - Flame Tongue                   Conjuration/Fire             1
   b - Throw Flame                    Conjuration/Fire             2
   c - Conjure Flame                  Conjuration/Fire             3
   d - Inner Flame                    Hexes/Fire                   3
   e - Sticky Flame                   Conjuration/Fire             4
   f - Fireball                       Conjuration/Fire             5
   Trog disapproves of the use of such an item.
Miscellaneous
 N - a disc of storms
 O - a disc of storms
 T - a lamp of fire
 U - a lamp of fire
Comestibles
 c - 5 bread rations
 v - 42 fruits
 w - 3 meat rations


   Skills:
 + Level 19.5 Fighting
 + Level 22.1 Axes
 + Level 13.2 Armour
 + Level 8.6 Dodging
 - Level 1.2 Stealth
 - Level 16.9 Shields
   Level 3.8 Invocations
 + Level 2.4 Evocations


You had 12 spell levels left.
You didn't know any spells.

Dungeon Overview and Level Annotations

Branches:
Dungeon (1/1)

Altars:
Ashenzari
Cheibriados
Dithmenos
Elyvilon
Fedhas
Gozag
Hepliaklqana
Kikubaaqudgha
Makhleb
Nemelex Xobeh
Okawaru
Qazlal
Ru
Sif Muna
Trog
Uskayaw
Vehumet
Xom
Yredelemnul
Zin
The Shining One
Beogh
Jiyva
Lugonu


Innate Abilities, Weirdness & Mutations

You reflexively headbutt those who attack you in melee.
You have a pair of horns on your head.
You are frail. (-10% HP)


Message History

The tormentor calls on the powers of darkness!
The hell knight convulses!
Your body is wracked with pain!
* * * LOW HITPOINT WARNING * * *
The hell hound breathes flames at you. The blast of flame hits you!
The hellion gestures at you.
The sphere of damnation explodes!
The damnation engulfs you!
* * * LOW HITPOINT WARNING * * *
You are too injured to fight recklessly!
You are too injured to fight recklessly!
You feel much better.
Visions of slaying the hellion flood into your mind.
The hellion gestures at you.
The sphere of damnation explodes!
The damnation engulfs you!
* * * LOW HITPOINT WARNING * * *
You block the red devil's attack.
GONNNNG!
The hellion gestures at you.
The sphere of damnation explodes!
The damnation engulfs you!
You die...

▓.▓.....▓.▓
▓....8©8....▓.........▓
▓..?)::.|)..▓▓▓▓▓▓▓▓▓▓▓
▓...}2})|...▓...8©8...▓
▓.....28....▓..|..[)..▓
▓....nZ2....▓...)))...▓
▓....p42hZ..▓.........▓
▓....Z......▓.........▓
▓..@..▓ ▓.........▓
▓▓...▓▓ ▓....))...▓
▓..▓.....▓..▓.▓.))).▓.▓
▓...........▓.....)...▓
▓▓▓▓▓▓▓▓▓▓▓▓▓▓▓▓▓▓▓▓▓▓▓
▓...8©8...▓...8©8...▓..
▓..|4)}}..▓...}}))..▓..
▓...4|....▓...33)...▓..
▓.........▓.........▓..


You could see an iron golem, a balrug, a hell knight, 2 hellions, a tormentor, a
red devil, a hell hound, a necrophage, a bat zombie and 2 adder zombies.

Vanquished Creatures
  A deep elf blademaster (D)
  2 deep elf master archers (D)
  A very ugly thing (D)
  A mummy priest (D)
  A deep elf high priest (D)
  2 vault guards (D)
  A centaur warrior (D)
  An orc high priest (D)
  A death drake (shapeshifter) (D)
  3 wolf spiders (D)
  8 deep elf magi (D)
  An ugly thing (D)
  2 cyclopes (D)
  A spiny frog (D)
  A black mamba (shapeshifter) (D)
  A rime drake (D)
  An eye of devastation (shapeshifter) (D)
  A rime drake (shapeshifter) (D)
  A komodo dragon (shapeshifter) (D)
  2 guardian mummies (D)
  A queen bee (shapeshifter) (D)
  A large abomination (D)
  2 redbacks (D)
  A flying skull (D)
  2 air elementals (D)
  A small abomination (D)
  A yak (shapeshifter) (D)
  A fire elemental (D)
  A tarantella (shapeshifter) (D)
  2 tarantellas (D)
  A water elemental (D)
  2 neqoxecs (D)
  A steam dragon (D)
  2 insubstantial wisps (D)
  2 swamp drakes (D)
  A hell hound (D)
  2 centaurs (D)
  A wolf (D)
  2 scorpions (D)
  3 iguanas (D)
  A mummy (D)
  2 river rats (D)
  2 shadow imps (D)
  A bat simulacrum (D)
  A fire vortex (D)
70 creatures vanquished.

Vanquished Creatures (collateral kills)
  A deep elf high priest (D)
  A deep elf archer (D)
  A shining eye (D)
  A yaktaur (D)
4 creatures vanquished.

Vanquished Creatures (others)
  A two-headed ogre (shapeshifter) (D)
1 creature vanquished.

Grand Total: 75 creatures vanquished

Notes
Turn   | Place    | Note
-------+----------+-------------------------------------------
     0 | D        | LORDOFBUTT the Minotaur Berserker began the quest for the Orb.
     0 | D        | Reached XP level 1. HP: 19/19 MP: 0/0
     0 | D        | Found a blossoming altar of Fedhas.
     1 | D        | Found a viscous altar of Jiyva.
     1 | D        | Found an ancient bone altar of Kikubaaqudgha.
     1 | D        | Found a hazy altar of Hepliaklqana.
     1 | D        | Found a corrupted altar of Lugonu.
     1 | D        | Found an opulent altar of Gozag.
     1 | D        | Found a burning altar of Makhleb.
     2 | D        | Found a sacrificial altar of Ru.
     2 | D        | Found a deep blue altar of Sif Muna.
     2 | D        | Found a stormy altar of Qazlal.
     2 | D        | Found a bloodstained altar of Trog.
     2 | D        | Found an iron altar of Okawaru.
     2 | D        | Found a sparkling altar of Nemelex Xobeh.
    75 | D        | Entered arena 1.
    75 | D        | Noticed an insubstantial wisp
    75 | D        | Noticed an insubstantial wisp
    78 | D        | Killed an insubstantial wisp
    78 | D        | Reached skill level 7 in Axes
    78 | D        | Reached XP level 2. HP: 35/35 MP: 1/1
    78 | D        | Reached XP level 3. HP: 40/40 MP: 2/2
    78 | D        | Reached XP level 4. HP: 48/48 MP: 3/3
    78 | D        | Killed an insubstantial wisp
    78 | D        | Reached skill level 9 in Axes
    78 | D        | Reached skill level 5 in Armour
    78 | D        | Reached XP level 5. HP: 57/57 MP: 4/4
    94 | D        | Entered arena 2.
    94 | D        | Noticed a hell hound
    94 | D        | Noticed a fire elemental
    97 | D        | Killed a hell hound
    97 | D        | Reached ** piety under Trog
    97 | D        | Reached skill level 10 in Fighting
    97 | D        | Reached skill level 10 in Axes
    97 | D        | Reached skill level 5 in Dodging
    97 | D        | Reached XP level 6. HP: 36/67 MP: 5/5
   101 | D        | Killed a fire elemental
   101 | D        | Reached skill level 11 in Axes
   101 | D        | Reached skill level 1 in Shields
   311 | D        | Entered arena 3.
   311 | D        | Noticed a steam dragon
   311 | D        | Noticed a swamp drake
   311 | D        | Noticed a rime drake
   311 | D        | Noticed a swamp drake
   314 | D        | Killed a swamp drake
   314 | D        | Reached skill level 12 in Axes
   314 | D        | Reached XP level 7. HP: 74/74 MP: 6/6
   316 | D        | Killed a steam dragon
   316 | D        | Killed a rime drake
   316 | D        | Reached *** piety under Trog
   316 | D        | Reached skill level 13 in Axes
   317 | D        | Reached XP level 8. HP: 85/85 MP: 7/7
   323 | D        | Identified the Catalogue of the Blaze and Toxins
   327 | D        | Entered arena 4.
   327 | D        | Noticed a guardian mummy
   327 | D        | Noticed a mummy priest
   327 | D        | Noticed a guardian mummy
   331 | D        | Killed a guardian mummy
   332 | D        | Reached **** piety under Trog
   332 | D        | Killed a mummy priest
   332 | D        | Reached skill level 15 in Axes
   332 | D        | Reached skill level 5 in Shields
   332 | D        | Reached XP level 9. HP: 18/95 MP: 8/8
   333 | D        | Killed a guardian mummy
   626 | D        | Entered arena 5.
   626 | D        | Noticed a large abomination
   627 | D        | Reached ***** piety under Trog
   630 | D        | Killed a large abomination
   630 | D        | Reached skill level 16 in Axes
   636 | D        | Identified Buimohem's Incunabulum of Flamy Clay
   650 | D        | Entered arena 6.
   650 | D        | Noticed a vault guard
   650 | D        | Noticed a vault guard
   650 | D        | Noticed an orb spider
   650 | D        | Noticed a queen bee
   655 | D        | an orb spider changed into a tarantella
   656 | D        | Killed a vault guard
   656 | D        | Received a gift from Trog
   656 | D        | Reached skill level 15 in Fighting
   658 | D        | Killed a queen bee
   659 | D        | Reached skill level 17 in Axes
   659 | D        | Reached skill level 10 in Armour
   659 | D        | Reached XP level 10. HP: 96/106 MP: 9/9
   662 | D        | Killed a vault guard
   714 | D        | Identified the Incunabulum of Evil Rituals
   721 | D        | Entered arena 7.
   721 | D        | Noticed a cyclops
   721 | D        | Noticed a cyclops
   721 | D        | Noticed a centaur warrior
   728 | D        | Killed a centaur warrior
   729 | D        | Reached skill level 18 in Axes
   731 | D        | Received a gift from Trog
   732 | D        | Killed a cyclops
   733 | D        | Killed a cyclops
   733 | D        | Reached ****** piety under Trog
   743 | D        | Got the amulet "Feenatar" {Inacc Str+6 Dex-2}
   747 | D        | Entered arena 8.
   747 | D        | Noticed a spiny frog
   751 | D        | Killed a spiny frog
   751 | D        | Reached skill level 10 in Shields
   751 | D        | Reached skill level 1 in Evocations
   774 | D        | Entered arena 9.
   774 | D        | Noticed a deep elf mage
   774 | D        | Noticed an orc high priest
   774 | D        | Noticed a deep elf mage
   774 | D        | Noticed a deep elf mage
   774 | D        | Noticed a deep elf mage
   774 | D        | Noticed a deep elf mage
   778 | D        | Received a gift from Trog
   779 | D        | Killed a deep elf mage
   779 | D        | Reached skill level 19 in Axes
   780 | D        | Killed a deep elf mage
   780 | D        | Received a gift from Trog
   780 | D        | Reached XP level 11. HP: 107/116 MP: 10/10
   781 | D        | Noticed a soul eater
   781 | D        | Killed a deep elf mage
   782 | D        | Killed a deep elf mage
   785 | D        | Killed an orc high priest
   785 | D        | Killed a deep elf mage
   785 | D        | Received a gift from Trog
   794 | D        | Got the ring of Starshine {rElec MR+ Str+2 Stlth+}
   835 | D        | Entered arena 10.
   835 | D        | Noticed a wolf spider
   835 | D        | Noticed a wolf spider
   835 | D        | Noticed a wolf spider
   840 | D        | Killed a wolf spider
   842 | D        | Killed a wolf spider
   842 | D        | Received a gift from Trog
   843 | D        | Noticed a sun demon
   845 | D        | Reached skill level 20 in Axes
   845 | D        | Killed a wolf spider
   870 | D        | Entered arena 11.
   870 | D        | Noticed a deep elf mage
   870 | D        | Noticed a deep elf mage
   870 | D        | Noticed a deep elf master archer
   870 | D        | Noticed a deep elf mage
   870 | D        | Noticed a deep elf master archer
   870 | D        | Noticed a deep elf high priest
   871 | D        | Noticed a deep elf high priest
   872 | D        | Noticed a deep elf blademaster
   872 | D        | Noticed a deep elf archer
   873 | D        | Killed a deep elf mage
   882 | D        | Killed a deep elf master archer
   882 | D        | Received a gift from Trog
   882 | D        | Killed a deep elf high priest
   885 | D        | Killed a deep elf master archer
   885 | D        | Reached skill level 21 in Axes
   885 | D        | Reached skill level 15 in Shields
   885 | D        | Reached XP level 12. HP: 85/128 MP: 12/12
   890 | D        | Killed a deep elf blademaster
   890 | D        | Received a gift from Trog
   892 | D        | Killed a deep elf high priest
   981 | D        | Received a gift from Trog
   981 | D        | Received a gift from Trog
   989 | D        | Entered arena 12.
   990 | D        | Noticed a brown very ugly thing
   993 | D        | Received a gift from Trog
   998 | D        | Received a gift from Trog
  1000 | D        | Reached skill level 1 in Stealth
  1003 | D        | Killed a cyan very ugly thing
  1003 | D        | Reached skill level 22 in Axes
  1006 | D        | Gained mutation: You are frail. (-10% HP) [a neqoxec]
  1007 | D        | Got a slimy broad axe {god gift}
  1020 | D        | Reached XP level 13. HP: 76/124 MP: 12/14
  1027 | D        | Identified the Collected Works on Enhancements and Transformation
  1043 | D        | Entered arena 13.
  1045 | D        | Noticed a balrug
  1047 | D        | HP: 1/124 [hellion/damnation (26)]
  1047 | D        | Killed from afar by a hellion

Vault maps used:
D:        sprint_v

Skill      XL: |  1  2  3  4  5  6  7  8  9 10 11 12 |
---------------+-------------------------------------+-----
Fighting       | 7 9 10 11 12 14 15 16 18 19 | 19.5
Axes           | 7 9 10 12 13 15 17 19 21 22 | 22.1
Armour         | 4 5 6 7 8 10 11 12 13 | 13.2
Dodging        | 4 5 6 7 8 |  8.6
Shields        | 2 3 5 7 11 15 16 | 16.9
Evocations     | 1 2 |  2.4
Stealth        | 1 |  1.2
Invocations    | 3 |  3.8

Action                   |  1- 3 |  4- 6 |  7- 9 | 10-12 | 13-15 || total
-------------------------+-------+-------+-------+-------+-------++-------
Melee: Broad axe         |     2 |     7 |    14 |    72 |       ||    95
       Headbutt          |       |     4 |     3 |    15 |       ||    22
Invok: Berserk           |     1 |     1 |     1 |     2 |       ||     5
       Burn Spellbooks   |       |       |       |     2 |       ||     2
Evoke: Disc of storms    |       |       |     4 |       |       ||     4
       Wand              |       |       |       |     1 |       ||     1
       Lamp of fire      |       |       |       |     1 |       ||     1
       Phantom mirror    |       |       |       |     1 |       ||     1
  Use: Potion            |       |       |       |     1 |     1 ||     2
 Stab: Distracted        |       |       |       |     1 |       ||     1
  Eat: Meat ration       |       |       |     1 |       |       ||     1
Armor: Plate armour      |       |     3 |     4 |    31 |     1 ||    39
Dodge: Dodged            |       |       |     1 |    12 |       ||    13
Block: Shield            |     1 |    12 |    19 |   126 |     1 ||   159
